 Dungeon Crawl Stone Soup version 0.31.0-12-g77e489cdc1 (webtiles) character file.

Game seed: 3049751471608545278

12359 chippings the Arsonist (level 11, -5/82 (88) HPs)
             Began as a Red Draconian Wanderer on Mar 7, 2024.
             Was an Elder of Sif Muna.
             Slain by a laughing skull (12 damage)
             ... on level 13 of the Dungeon.
             The game lasted 00:39:56 (12310 turns).

chippings the Arsonist (Red Draconian Wanderer)    Turns: 12310, Time: 00:39:56

HP:   -5/82 (88)    AC: 11    Str: 12    XL:     11   Next: 61%
MP:   9/27          EV: 13    Int: 17    God:    Sif Muna [****..]
Gold: 2016          SH:  6    Dex: 13    Spells: 4/20 levels left

rFire   + + .        l - +4 dagger "Ucsighiu" {drain, Fly rElec}
rCold   . . .        c - +1 buckler
rNeg    . . .        (body armour unavailable)
rPois   .            (helmet restricted)
rElec   +            e - +0 cloak
rCorr   .            (no gloves)
SInv    .            D - +2 pair of boots
Will    .....        (no amulet)
Stlth   ++           h - ring of protection from fire
HPRegen 0.33/turn    v - ring of magical power
MPRegen 0.20/turn

%: no passive effects
@: about to teleport, flying, drained
A: breathe fire, AC +7, unfitting armour, fire resistance 1, cold-blooded
a: Breathe Fire, Renounce Religion, Channel Magic, Forget Spell, Divine Exegesis


You were on level 13 of the Dungeon.
You worshipped Sif Muna.
Sif Muna was greatly pleased with you.
You visited 1 branch of the dungeon, and saw 13 of its levels.

You collected 2126 gold pieces.
You spent 110 gold pieces at shops.

Inventory:

Hand Weapons
 l - the +4 dagger "Ucsighiu" (weapon) {drain, Fly rElec}
   (You found it on level 2 of the Dungeon)

   rElec:     It insulates you from electricity.
   Fly:       It grants you flight.
Armour
 c - a +1 buckler (worn)
 e - a +0 cloak (worn)
 D - a +2 pair of boots (worn)
 G - an orb of guile
Jewellery
 h - a ring of protection from fire (left hand)
 v - a ring of magical power (right hand)
 E - a ring of ice
 I - a ring of see invisible
 K - a ring of poison resistance
Wands
 i - a wand of flame (10)
 p - a wand of paralysis (24)
 s - a wand of polymorph (4)
 u - a wand of light (10)
 y - a wand of mindburst (14)
 H - a wand of digging (5)
Scrolls
 a - a scroll of immolation
 d - a scroll of torment
 f - a scroll of enchant armour
 g - a scroll of noise
 j - 3 scrolls of blinking
 k - 2 scrolls of teleportation
 o - a scroll of fear
 q - a scroll of fog
 A - 2 scrolls of vulnerability
 J - a scroll of silence
Potions
 b - 2 potions of lignification
 n - a potion of enlightenment
 r - 3 potions of attraction
 t - 2 potions of magic
 w - 2 potions of invisibility
 x - 8 potions of curing
 z - a potion of cancellation
 B - 2 potions of might
 C - 2 potions of haste
 F - a potion of heal wounds
 L - a potion of ambrosia


   Skills:
 + Level 5.5 Fighting
 - Level 4.0 Short Blades
 + Level 5.1 Dodging
 + Level 3.2 Stealth
 - Level 4.0 Shields
 + Level 5.1 Spellcasting
 + Level 6.9 Conjurations
 - Level 4.0 Hexes
 - Level 12.0 Fire Magic
 - Level 0.7 Ice Magic
 - Level 4.0 Air Magic
 + Level 6.8 Alchemy


You had 4 spell levels left.
You knew the following spells:

 Your Spells              Type           Power      Damage    Failure   Level
b - Mercury Vapours       Alch/Air       44%        N/A       3%          2
c - Inner Flame           Hex/Fire       31%        N/A       2%          3
d - Ignite Poison         Fire/Alch      36%        N/A       4%          4
e - Mephitic Cloud        Conj/Alch/Air  24%        N/A       4%          3
f - Sticky Flame          Fire/Alch      36%        2d8       4%          4

Your spell library contained the following spells:

 Spells                   Type           Power      Damage    Failure   Level
 Foxfire                  Conj/Fire      100%       2x1d9     1%          1
 Kiss of Death            Conj/Necr      64%        2d10      4%          1
 Jinxbite                 Hex            34%        N/A       5%          2
 Ensorcelled Hibernation  Hex/Ice        24%        N/A       11%         2
 Swiftness                Air            17%        N/A       11%         3
 Hailstorm                Conj/Ice       17%        3d6       12%         3
 Fulminant Prism          Conj/Alch      13%        3d9       12%         4
 Freeze                   Ice            24%        1d4       14%         1
 Apportation              Tloc           8%         N/A       19%         1
 Frozen Ramparts          Ice            12%        1d2       38%         3
 Passwall                 Erth           4%         N/A       50%         3
 Vhi's Electric Charge    Tloc/Air       22%        N/A       63%         4
 Alistair's Intoxication  Alch           18%        N/A       32%         5
 Irradiate                Conj/Alch      13%        3d16      32%         5
 Arcjolt                  Conj/Air       11%        1d21      50%         5
 Freezing Cloud           Conj/Ice/Air   8%         6-21      73%         5
 Plasma Beam              Fire/Air       15%        2x1d27    73%         6


Dungeon Overview and Level Annotations

Branches:
Dungeon (14/15)            Temple (0/1) D:7            Lair (0/5) D:10
    Orc (0/2) D:9
 Vaults: D:13-14

Altars:
Ashenzari
Cheibriados
Dithmenos
Elyvilon
Gozag
Kikubaaqudgha
Makhleb
Nemelex Xobeh
Sif Muna
Zin
The Shining One

Shops:
D:5 [   D:6 *


Innate Abilities, Weirdness & Mutations

You can breathe blasts of fire.
Your fiery red scales are hard. (AC +7)
You cannot fit into any form of body armour.
Your flesh is heat resistant. (rF+)
You are cold-blooded and may be slowed by cold attacks.


Message History

Confirm with . or Enter, or press ? or * to list all spells.
Aiming: Inner Flame (mildly dangerous; 2% risk of failure)
Press: ? - help, Dir - move target, f/p - catoblepas
Aim: a catoblepas (chance to affect: 21%)
The catoblepas resists with almost no effort.
The catoblepas breathes a plume of calcifying dust at you.
The blast of calcifying dust hits you but does no damage.
Unknown command.
The laughing skull headbutts you but does no damage.
Your magical contamination has completely faded away.
Casting: Inner Flame (mildly dangerous; 2% risk of failure)
Confirm with . or Enter, or press ? or * to list all spells.
Aiming: Inner Flame (mildly dangerous; 2% risk of failure)
Press: ? - help, Dir - move target, f - laughing skull, p - catoblepas
Aim: a laughing skull (chance to affect: 84%)
The laughing skull barely resists.
The laughing skull gives a hideous shriek!
The catoblepas gores you! The laughing skull headbutts you.
Unknown command.
Casting: Inner Flame (mildly dangerous; 2% risk of failure)
Confirm with . or Enter, or press ? or * to list all spells.
Aiming: Inner Flame (mildly dangerous; 2% risk of failure)
Press: ? - help, Dir - move target, f/p - laughing skull
Aim: a laughing skull (chance to affect: 84%)
The laughing skull barely resists.
The laughing skull headbutts you! The catoblepas gores you!
You block the laughing skull's attack.
Unknown command.
Okay, then.
As you read the scroll of teleportation, it crumbles to dust.
You feel strangely unstable. The catoblepas gores you!
The laughing skull headbutts you.
Unknown command.
You hit the laughing skull.
The laughing skull is lightly damaged.
The laughing skull gibbers with scorn.
The bolt of negative energy hits you!!
You feel drained.
* * * LOW HITPOINT WARNING * * *
The laughing skull headbutts you!
You die...
The laughing skull crumbles to pieces from sheer joy.

○Y.#...........#..§.# #.#
9R§..#.......#...##.# #.#
...zz..#.C.#.....##.# #######.#
##.......#.......##.###.....).#
#.......#.......##.##..########
#.....#...#.....##............#
#...#.......#.z..§............#
#.#...........#Y##............#
#......###....z@##............#
###...###
#########..).........# ....###
##............# #.##
#.............# #.####
##.############# #....#
#####..# ####.########.....##
...................#
####.###.#########.#


You could see a catoblepas and 2 laughing skulls.

Vanquished Creatures
  A boulder beetle (D:11)
  A two-headed ogre (D:9)
  A tengu warrior (D:13)
  Maurice (D:7)
  A cyclops (D:11)
  An unseen horror (D:9)
  Jeremiah (D:8)
  A kobold demonologist (D:11)
  A troll (D:13)
  A hornet (D:9)
  Grinder (D:4)
  2 shadows (D:10)
  A wyvern (D:8)
  A vampire (D:11)
  5 yaks (D:9)
  2 wraiths (D:11)
  Eustachio (D:4)
  3 steam dragons
  A basilisk (D:11)
  3 vampire mosquitoes (D:13)
  Edmund (D:4)
  2 water moccasins
  9 orc warriors
  2 laughing skulls (D:13)
  6 ogres
  2 sky beasts
  4 black bears
  2 centaurs
  2 phantoms
  7 kobold brigands
  3 gnoll sergeants
  3 bullfrogs
  3 scorpions
  7 wights
  13 killer bees
  A howler monkey (D:4)
  3 hounds
  2 bombardier beetles (D:5)
  5 gnoll boudas
  3 orc priests (D:9)
  4 iguanas
  6 orc wizards
  24 gnolls
  5 adders
  A shadow imp (D:7)
  2 white imps (D:7)
  4 ufetubi (D:6)
  2 dart slugs
  35 orcs
  5 bats
  3 endoplasms
  2 giant cockroaches
  7 goblins
  12 hobgoblins
  4 jackals (D:3)
  34 kobolds
  3 quokkas
  6 ball pythons
  6 frilled lizards
  5 rats
280 creatures vanquished.

Vanquished Creatures (others)
  An orc wizard (D:9)
  36 foxfires
37 creatures vanquished.

Grand Total: 317 creatures vanquished

Notes
Turn   | Place    | Note
-------+----------+-------------------------------------------
     0 | D:1      | chippings the Draconian Wanderer began the quest for the
                  | Orb.
     0 | D:1      | chippings set off with the following items: a +0 dagger, a
                  | potion of lignification, a +0 buckler; and the following
                  | spells available to memorise: Foxfire, Freeze, Inner Flame,
                  | Hailstorm, Ignite Poison.
     0 | D:1      | Reached XP level 1. HP: 16/16 MP: 3/3
     6 | D:1      | Learned a level 1 spell: Foxfire
   259 | D:1      | Reached XP level 2. HP: 20/23 MP: 0/5
  1010 | D:2      | Reached XP level 3. HP: 29/29 MP: 3/6
  1020 | D:2      | Identified the +4 dagger "Ucsighiu" {drain, Fly rElec}
  1361 | D:2      | Reached skill level 1 in Conjurations
  1785 | D:3      | Found a broken altar of Ashenzari.
  1786 | D:3      | Found a shimmering blue altar of Sif Muna.
  1788 | D:3      | Found an ancient bone altar of Kikubaaqudgha.
  1801 | D:3      | Became a worshipper of Sif Muna the Loreminder
  1904 | D:3      | Reached XP level 4. HP: 36/36 MP: 7/7
  2111 | D:3      | Reached skill level 1 in Short Blades
  2165 | D:3      | Learned a level 2 spell: Mercury Vapours
  2635 | D:4      | Noticed Edmund
  2661 | D:4      | Killed Edmund
  2662 | D:4      | Reached skill level 3 in Fire Magic
  2662 | D:4      | Reached skill level 1 in Alchemy
  2662 | D:4      | Reached XP level 5. HP: 18/42 MP: 9/9
  2783 | D:4      | Reached * piety under Sif Muna
  2815 | D:4      | Noticed a black bear
  2828 | D:4      | Killed a black bear
  2829 | D:4      | Reached XP level 6. HP: 51/51 MP: 10/10
  2842 | D:4      | Noticed Grinder
  2843 | D:4      | Paralysed by Grinder for 5 turns
  2856 | D:4      | Killed Grinder
  2857 | D:4      | Reached skill level 1 in Air Magic
  2921 | D:4      | Your scales start taking on a fiery red colour.
  2921 | D:4      | Reached skill level 4 in Fire Magic
  2921 | D:4      | Reached XP level 7. HP: 57/57 MP: 12/12
  2921 | D:4      | Gained mutation: Your flesh is heat resistant. (rF+) [Red
                  | Draconian growth]
  2925 | D:4      | Learned a level 3 spell: Inner Flame
  3010 | D:4      | Noticed Eustachio
  3025 | D:4      | Killed Eustachio
  3270 | D:5      | Entered Level 5 of the Dungeon
  3270 | D:5      | Found Yxzyxtet's Antique Armour Shop.
  3401 | D:5      | Reached skill level 5 in Fire Magic
  3501 | D:5      | Identified the +1 dagger of Soece {drain, rF+++ Int+5
                  | Dex-3}
  3702 | D:5      | Reached skill level 1 in Hexes
  3702 | D:5      | Reached XP level 8. HP: 45/66 MP: 8/14
  4230 | D:6      | Found Sich's General Store.
  4252 | D:6      | Bought 2 potions of might for 80 gold pieces
  4252 | D:6      | Bought a scroll of teleportation for 30 gold pieces
  4270 | D:6      | Reached ** piety under Sif Muna
  4679 | D:7      | Reached skill level 6 in Fire Magic
  4762 | D:7      | Found a staircase to the Ecumenical Temple.
  4987 | D:7      | Reached skill level 7 in Fire Magic
  5131 | D:7      | Reached XP level 9. HP: 71/71 MP: 15/15
  5249 | D:7      | Noticed Maurice
  5270 | D:7      | Something stole a ring of ice
  5274 | D:7      | Killed Maurice
  5275 | D:7      | Reached skill level 8 in Fire Magic
  5470 | D:7      | Found a shadowy altar of Dithmenos.
  5920 | D:8      | Reached *** piety under Sif Muna
  6053 | D:8      | Found a snail-covered altar of Cheibriados.
  6101 | D:8      | Reached skill level 9 in Fire Magic
  6273 | D:8      | Reached skill level 10 in Fire Magic
  6451 | D:8      | Found an opulent altar of Gozag.
  6451 | D:8      | Noticed Jeremiah
  6459 | D:8      | Killed Jeremiah
  6633 | D:8      | Reached XP level 10. HP: 60/78 MP: 16/16
  6771 | D:8      | Found a glowing silver altar of Zin.
  6771 | D:8      | Found a white marble altar of Elyvilon.
  6771 | D:8      | Found a glowing golden altar of the Shining One.
  6805 | D:8      | Learned a level 4 spell: Ignite Poison
  6809 | D:8      | Learned a level 3 spell: Mephitic Cloud
  7131 | D:9      | Reached skill level 11 in Fire Magic
  7408 | D:9      | Identified 2 scrolls of acquirement
  7408 | D:9      | Acquired 540 gold pieces
  7636 | D:9      | Noticed a two-headed ogre
  7645 | D:9      | Killed a two-headed ogre
  7646 | D:9      | Reached skill level 5 in Alchemy
  8258 | D:9      | Found a staircase to the Orcish Mines.
  8271 | D:9      | Reached skill level 12 in Fire Magic
  8293 | D:9      | Reached **** piety under Sif Muna
  8294 | D:9      | Reached skill level 5 in Conjurations
  8301 | D:10     | Entered Level 10 of the Dungeon
  8823 | D:10     | Acquired 877 gold pieces
  9137 | D:10     | Found a staircase to the Lair.
  9206 | D:10     | Acquired the Catalogue of Compounds and Open Graves
  9213 | D:10     | Learned a level 4 spell: Sticky Flame
  9257 | D:10     | Reached XP level 11. HP: 65/84 MP: 17/17
  9429 | D:10     | Found a burning altar of Makhleb.
  9476 | D:10     | Reached skill level 1 in Stealth
 10071 | D:10     | Found a sparkling altar of Nemelex Xobeh.
 10904 | D:11     | Noticed a boulder beetle
 10917 | D:11     | Killed a boulder beetle
 10918 | D:11     | Reached skill level 5 in Fighting
 11754 | D:11     | You are sucked into a shaft and drop 3 floors!
 12082 | D:13     | Noticed a tengu warrior
 12091 | D:13     | Killed a tengu warrior
 12092 | D:13     | Reached skill level 5 in Dodging
 12092 | D:13     | Reached skill level 5 in Spellcasting
 12263 | D:13     | Noticed a catoblepas
 12310 | D:13     | Slain by a laughing skull

Illustrated notes

Levels and vault maps discovered:
D:1:      lemuel_arrival_tunnels, layout_rooms
D:2:      layout_loops_corners
D:3:      layout_loops_ring, gammafunk_temple_overflow_forgotten,
          minmay_bisected
D:4:      layout_gridville, uniq_grinder, uniq_edmund, uniq_eustachio
D:5:      layout_basic, serial_shops, shop
D:6:      layout_cave_pools, serial_shops, nicolae_shop_statue_plus
D:7:      layout_basic, mainiacjoe_overflow_small_starburst,
          minmay_temple_entry_ruins, minivault_25, uniq_maurice
D:8:      layout_basic, dreamdust_divine_triumvirate, grunt_gozag_statues,
          nicolae_overflow_hidden_temple, uniq_jeremiah
D:9:      layout_rooms, david_orc_5
D:10:     kennysheep_seaside_town, layout_irregular_city,
          mainiacjoe_overflow_boulevard, lemuel_tele_altar, lair_entry_dummy,
          nicolae_sextant
D:11:     evilmike_library_of_no_secrets, layout_basic, gauntlet_entry_generic
D:13:     layout_basic, minmay_misc_feat_more_columns
D:14:     layout_roguey, erik_vaults_2, okawaru_gym_becter, uniq_josephine

Skill      XL: |  1  2  3  4  5  6  7  8  9 10 11 |
---------------+----------------------------------+-----
Fighting       | 2 3 4 5 |  5.5
Conjurations   | 1 2 6 |  6.9
Short Blades   | 1 2 3 4 |  4.0
Spellcasting   | 3 4 5 |  5.1
Fire Magic     | 3 4 5 7 10 12 | 12.0
Alchemy        | 1 2 3 4 6 |  6.8
Air Magic      | 1 2 4 |  4.0
Ice Magic      | 0 |  0.7
Hexes          | 1 3 4 |  4.0
Dodging        | 4 5 |  5.1
Shields        | 4 |  4.0
Stealth        | 3 |  3.2

Action                     |  1- 3 |  4- 6 |  7- 9 | 10-12 || total
---------------------------+-------+-------+-------+-------++-------
  Melee: Dagger            |   101 |    73 |   197 |   260 ||   631
         Tailslap          |    11 |     6 |    29 |    36 ||    82
   Cast: Foxfire           |    19 |     1 |     2 |       ||    22
         Mercury Vapours   |       |       |    28 |    19 ||    47
         Inner Flame       |       |       |    45 |    74 ||   119
         Mephitic Cloud    |       |       |       |     3 ||     3
         Ignite Poison     |       |       |       |     3 ||     3
         Sticky Flame      |       |       |       |    22 ||    22
 Invoke: Forget Spell      |       |       |       |     1 ||     1
Ability: Breathe Fire      |       |       |     1 |       ||     1
  Evoke: Wand              |       |     5 |     3 |     1 ||     9
    Use: Scroll            |       |     1 |       |    23 ||    24
         Potion            |       |     1 |       |     3 ||     4
   Stab: Sleeping          |     2 |       |       |       ||     2
         Paralysed         |       |     8 |     2 |       ||    10
         Confused          |       |       |       |     1 ||     1
 Armour: Skin              |    55 |    22 |   144 |   250 ||   471
  Dodge: Dodged            |    46 |    36 |   111 |   183 ||   376
  Block: Buckler           |    25 |     7 |    52 |    33 ||   117
